 Dungeon Crawl Stone Soup version 0.29-a0-284-gf9362112df (webtiles) character file.

Game seed: 15957143701186601924

60 Hubjo the Vexing (level 3, -3/27 HPs)
             Began as a Demonspawn Enchanter on Mar 16, 2022.
             Frozen to death by an endoplasm (5 damage)
             ... on level 2 of the Dungeon.
             The game lasted 00:02:37 (2417 turns).

Hubjo the Vexing (Demonspawn Enchanter)             Turns: 2417, Time: 00:02:39

Health: -3/27      AC:  2    Str:  8    XL:     3   Next: 82%
Magic:  6/6        EV: 12    Int: 16    God:
Gold:   22         SH:  0    Dex: 15    Spells: 6/6 levels left

rFire   . . .      SeeInvis .   a - +1 dagger
rCold   . . .      Faith    .   (no shield)
rNeg    . . .      Spirit   .   b - +0 robe
rPois   .          Reflect  .   (no helmet)
rElec   .          Harm     .   (no cloak)
rCorr   .          Rampage  .   (no gloves)
Will    .....                   (no boots)
Stlth   ++........              (no amulet)
HPRegen 0.09/turn               (no ring)
MPRegen 0.10/turn               (no ring)

@: no status effects
A: weakness stinger 1
a: no special abilities


You were on level 2 of the Dungeon.
You visited 1 branch of the dungeon, and saw 2 of its levels.

You collected 64 gold pieces.
You spent 42 gold pieces at shops.

Inventory:

Hand Weapons
 a - a +1 dagger (weapon)
Armour
 b - a +0 robe (worn)
Jewellery
 l - a ring of protection from fire
Scrolls
 e - a scroll of blinking {unknown}
 f - 2 scrolls of identify {unknown}
 g - a scroll of magic mapping
 h - 3 scrolls of teleportation {unknown}
 i - a scroll of amnesia {unknown}
Potions
 c - 2 potions of invisibility
 d - 4 potions of heal wounds
 j - a potion of berserk rage {unknown}
 k - a potion of attraction {unknown}


   Skills:
 * Level 2.0 Fighting
 - Level 0.8 Short Blades
 - Level 1.7 Dodging
 * Level 3.3 Stealth
 + Level 2.3 Spellcasting
 + Level 3.3 Hexes


You had 6 spell levels left.
You didn't know any spells.
Your spell library contained the following spells:

 Spells                   Type           Power      Damage    Failure   Level
 Ensorcelled Hibernation  Hex/Ice        14%        N/A       16%         2
 Confusing Touch          Hex            12%        N/A       16%         3
 Tukima's Dance           Hex            12%        N/A       16%         3
 Animate Skeleton         Necr           2%         N/A       21%         1
 Pain                     Necr           4%         1d4       21%         1
 Dazzling Flash           Conj/Hex       14%        N/A       30%         3
 Vampiric Draining        Necr           1%         2d6       52%         3


Dungeon Overview and Level Annotations

Branches:
Dungeon (2/15)

Altars:

Shops:
D:1 (*


Innate Abilities, Weirdness & Mutations

You have a small tail.


Message History

The kobold hits you with a +0 short sword.
The kobold hits you with a +0 whip. The hobgoblin barely misses you.
You are too injured to fight recklessly!
There is an open door here.
You miss the kobold. The kobold hits you but does no damage.
You closely miss the kobold. You hit the kobold.
You kill the kobold!
The kobold closely misses you.
You hit the hobgoblin.
The hobgoblin is severely wounded.
The kobold barely misses you. The hobgoblin closely misses you.
You hit the hobgoblin.
You kill the hobgoblin!
The kobold hits you but does no damage.
Your Fighting skill increases to level 2!
You hit the endoplasm.
The endoplasm is severely wounded.
You hit the endoplasm.
The endoplasm is almost dead.
The kobold closely misses you. The endoplasm freezes you.
You are frozen.
* * * LOW HITPOINT WARNING * * *
You hit the endoplasm but do no damage.
The endoplasm is almost dead.
The kobold hits you but does no damage. The endoplasm closely misses you.
You hit the endoplasm but do no damage.
The endoplasm is almost dead.
The kobold closely misses you. The endoplasm freezes you.
You are frozen.
* * * LOW HITPOINT WARNING * * *
You hit the endoplasm but do no damage.
The endoplasm is almost dead.
The kobold hits you with a +0 short sword.
* * * LOW HITPOINT WARNING * * *
The endoplasm freezes you.
You are frozen.
You die...

......#.....# ##...#'#..........
......####### #..##†##.........
.........# #..#...#.........
...##....# #.#######........
....'....# ##.#.....#........
..###....#######..#.....'..'#....
### #....+....<..#########..####.
#....#######K#.†....)#..# #.
#....#....#.@J......$#..#####
#....#....#..#......?#.....#
#....#.......#########...###
#....#....#...#..†..'...<..##
#....##+###.#.#[....#.##..###
####.##.###.#.#######.##..###
#.#..#...#..#†)÷#.........
#....#.###..##.##..#######
###..........#'#...### #


You could see an endoplasm and a kobold.

Vanquished Creatures
  2 worms (D:2)
  2 dart slugs (D:1)
  8 endoplasms
  5 giant cockroaches
  6 goblins
  7 hobgoblins
  A quokka (D:2)
  5 ball pythons
  3 frilled lizards (D:1)
  4 kobolds
  2 rats
45 creatures vanquished.

Vanquished Creatures (others)
  12 fungi (D:1)
12 creatures vanquished.

Grand Total: 57 creatures vanquished

Notes
Turn   | Place    | Note
-------+----------+-------------------------------------------
     0 | D:1      | Hubjo the Demonspawn Enchanter began the quest for the Orb.
     0 | D:1      | Reached XP level 1. HP: 13/13 MP: 3/3
   361 | D:1      | Gained mutation: You have a small tail. [demonic ancestry]
   361 | D:1      | Reached XP level 2. HP: 16/20 MP: 5/5
   482 | D:1      | Reached skill level 1 in Fighting
   547 | D:1      | Found Ekuupiesu's Weapon Shoppe.
  1110 | D:1      | Found Wonnosch's General Store.
  1235 | D:1      | Bought a scroll of magic mapping for 42 gold pieces
  1498 | D:2      | Reached XP level 3. HP: 26/26 MP: 6/6
  1817 | D:2      | HP: 1/26 [worm (9)]
  2417 | D:2      | Frozen to death by an endoplasm

Illustrated notes

Levels and vault maps discovered:
D:1:      minmay_arrival_plants_in_alcoves, layout_rooms, serial_shops,
          nicolae_shop_bloodbath_and_beyond, shop, serial_aquarium,
          aquarium_bridge_island_large [aquarium_subvault_large_open,
          aquarium_subvault_window, aquarium_subvault_bridge,
          aquarium_subvault_wall, aquarium_subvault_window], aquarium_window_2,
          aquarium_window_fake, aquarium_view_2f
D:2:      layout_basic, minmay_divided_ellipse

Skill      XL: |  1  2  3 |
---------------+----------+-----
Fighting       | 1 2 |  2.0
Stealth        | 3 |  3.3
Short Blades   | |  0.8
Dodging        | |  1.7
Spellcasting   | |  2.3
Hexes          | |  3.3

Action                   || total
-------------------------++-------
Melee: Dagger            ||   205
       Tailslap          ||    34
       Punch             ||     2
  Use: Potion            ||     1
 Stab: Sleeping          ||     6
Armor: Robe              ||    19
Dodge: Dodged            ||    85

Table legend: (Time is in decaauts)
 A = Elapsed time spent in this place.
 B = Non-inter-level travel time spent in this place.
 C = Inter-level travel time spent in this place.
 D = Time resting spent in this place.
 E = Time spent auto-exploring this place.
 F = Levels seen in this place.
 G = Mean time per level.
                   A        B        C        D        E       F      G
               +--------+--------+--------+--------+--------+-----+--------+
         Total |   2406 |   2338 |     68 |      0 |   1832 |   2 | 1203.0 |
       Dungeon |   2406 |   2338 |     68 |      0 |   1832 |   2 | 1203.0 |
               +--------+--------+--------+--------+--------+-----+--------+

Top non-repeatable levels by time:
     D:1: 1471 daAuts
     D:2: 935 daAuts
